 Seeded DCSS version 0.30.0-19-g36f170ea60 (webtiles) character file.

Game seed: 6351066067085065685 (custom seed)

1933 Esekla the Thaumaturge (level 8, 0/43 HPs)
             Began as a Deep Elf Necromancer on May 29, 2023.
             Was a Believer of Vehumet.
             Slain by a gnoll sergeant
             ... wielding a +4 trident of venom
              (10 damage)
             ... on level 7 of the Dungeon.
             The game lasted 00:39:15 (6151 turns).

Esekla the Thaumaturge (Deep Elf Necromancer)       Turns: 6151, Time: 00:39:16

Health: 0/43       AC:  4    Str:  5    XL:     8   Next: 97%
Magic:  22/22      EV: 14    Int: 23    God:    Vehumet [**....]
Gold:   361        SH:  0    Dex: 15    Spells: 13/24 levels left

rFire   . . .        a - +2 dagger (vamp)
rCold   . . .        (no shield)
rNeg    . . .        y - +0 robe
rPois   .            v - +0 helmet
rElec   .            (no cloak)
rCorr   .            x - +0 pair of gloves
SInv    .            (no boots)
Will    .....        F - amulet of magic regeneration
Stlth   +++          (no ring)
HPRegen 0.27/turn    (no ring)
MPRegen 0.58/turn

%: no passive effects
@: no status effects
A: no striking features
a: Renounce Religion


You were on level 7 of the Dungeon.
You worshipped Vehumet.
Vehumet was pleased with you.
You visited 2 branches of the dungeon, and saw 8 of its levels.

You collected 361 gold pieces.

Inventory:

Hand Weapons
 a - a +2 vampiric dagger (weapon)
 c - a +0 scimitar
 r - a +0 trident
Missiles
 s - 23 poisoned darts (quivered)
 A - a throwing net
Armour
 v - a +0 helmet (worn)
 x - a +0 pair of gloves (worn)
 y - a +0 robe (worn)
Jewellery
 F - an amulet of magic regeneration (around neck)
Wands
 k - a wand of roots (21)
 D - a wand of flame (12)
Scrolls
 e - 3 scrolls of fear {unknown}
 f - 8 scrolls of identify {unknown}
 l - 2 scrolls of fog {unknown}
 n - a scroll of enchant armour {unknown}
 o - 2 scrolls of amnesia {unknown}
 p - a scroll of immolation {unknown}
 q - 2 scrolls of blinking {unknown}
 t - 3 scrolls of enchant weapon {unknown}
 w - a scroll of summoning {unknown}
 z - a scroll of silence {unknown}
 C - a scroll of magic mapping {unknown}
 E - a scroll of teleportation {unknown}
Potions
 b - a potion of magic
 d - 3 potions of ambrosia {unknown}
 g - 3 potions of attraction {unknown}
 h - 2 potions of heal wounds {unknown}
 i - a potion of haste {unknown}
 j - 4 potions of curing
 m - 3 potions of brilliance {unknown}
 u - a potion of mutation {unknown}
 B - a potion of lignification {unknown}


   Skills:
 + Level 1.5 Fighting
 + Level 2.6 Short Blades
 + Level 1.9 Throwing
 * Level 5.4 Dodging
 + Level 4.0 Stealth
 * Level 8.8 Spellcasting
 * Level 2.8 Conjurations
 + Level 8.2 Necromancy
 + Level 3.7 Translocations
 * Level 0.3 Fire Magic
 + Level 0.4 Evocations


You had 13 spell levels left.
You knew the following spells:

 Your Spells              Type           Power      Damage    Failure   Level
a - Necrotise             Necr           100%       1d9       1%          1
d - Vampiric Draining     Necr           47%        2d9       1%          3
e - Searing Ray           Conj           46%        2d6       3%          2
o - Scorch                Fire           22%        2d5       9%          2
t - Teleport Other        Tloc           27%        N/A       4%          3

Your spell library contained the following spells:

 Spells                   Type           Power      Damage    Failure   Level
 Lesser Beckoning         Tloc           54%        N/A       1%          2
 Animate Dead             Necr           47%        N/A       2%          4
 Gell's Gravitas          Tloc           27%        N/A       4%          3
 Agony                    Necr           47%        N/A       6%          5
 Spider Form              Tmut/Pois      10%        N/A       19%         3
 Cause Fear               Hex            5%         N/A       54%         4
 Summon Mana Viper        Hex/Summ       10%        N/A       87%         5


Dungeon Overview and Level Annotations

Branches:
Dungeon (7/15)             Temple (1/1) D:6

Altars:
Cheibriados
Dithmenos
Fedhas
Hepliaklqana
Okawaru
Qazlal
Trog
Vehumet
Xom
Zin
The Shining One

Shops:
D:2 =   D:4 (

Annotations:
D:2 black bear


Message History

Flames lash the phantom.
The phantom is burned terribly!
The phantom is almost destroyed.
The phantom hits you.
Casting: Scorch (safe; 9% risk of failure)
Confirm with . or Enter, or press ? or * to list all spells.
Flames lash the phantom.
The phantom is burned terribly!
You destroy the phantom!
Vehumet accepts your kill.
You start resting.
Magic restored.
You start resting.
HP restored.
You climb downwards.
There is a stone staircase leading up here.
You open the door.
There is a stone staircase leading up here.
There is a stone staircase leading up here.
You climb upwards.
There is a stone staircase leading down here.
There is a stone staircase leading down here.
You climb downwards.
The gnoll sergeant shouts!
The gnoll shouts! x4
The gnoll sergeant hits you with a +4 trident of venom!
You are lethally poisoned!
The gnoll barely misses you.
The gnoll hits you from afar with a +0 spear.
There is a stone staircase leading up, spattered with blood here.
It was a potion of curing.
You feel better. The gnoll closely misses you.
The gnoll sergeant hits you with a +4 trident of venom!
You are poisoned.
The gnoll hits you with a +0 club.
You feel better.
The gnoll hits you from afar with a +0 spear.
The gnoll sergeant hits you with a +4 trident of venom.
* * * LOW HITPOINT WARNING * * *
The gnoll closely misses you.
The gnoll hits you from afar with a +0 spear.
* * * LOW HITPOINT WARNING * * *
The gnoll sergeant hits you with a +4 trident of venom!
You die...

##+#
....
....
....
####
#######
#@g...#
##g#..#


gg. ... .### . .. .# .# .# You could see a gnoll sergeant and 3 gnolls.

Vanquished Creatures
  Pikel (Temple)
  An ice beast (D:6)
  A sky beast (D:6)
  2 black bears
  An ogre (D:5)
  A phantom (D:6)
  Blork the orc (D:6)
  A kobold brigand (D:6)
  2 scorpions (D:5)
  A gnoll bouda (D:4)
  5 hounds
  A jelly (D:6)
  A sleepcap (D:5)
  5 iguanas
  12 gnolls
  9 adders
  3 white imps
  An ufetubus (D:6)
  A worm (D:4)
  3 dart slugs
  11 orcs
  6 ball pythons
  4 bats
  4 endoplasms
  8 goblins
  5 hobgoblins
  4 frilled lizards
  12 kobolds
  A rat (D:2)
108 creatures vanquished.

Notes
Turn   | Place    | Note
-------+----------+-------------------------------------------
     0 | D:1      | Esekla the Deep Elf Necromancer began the quest for the
                  | Orb.
     0 | D:1      | Reached XP level 1. HP: 10/10 MP: 6/6
    78 | D:1      | Reached skill level 5 in Necromancy
   278 | D:1      | Reached XP level 2. HP: 15/15 MP: 8/8
   556 | D:4      | Found a radiant altar of Vehumet.
   560 | D:4      | Became a worshipper of Vehumet
   786 | D:1      | Reached XP level 3. HP: 15/19 MP: 9/9
   791 | D:1      | Learned a level 3 spell: Vampiric Draining
  1046 | D:2      | Noticed a black bear
  1125 | D:3      | Found a stormy altar of Qazlal.
  1777 | D:3      | Reached * piety under Vehumet
  1777 | D:3      | Offered knowledge of Kiss of Death by Vehumet.
  1880 | D:3      | Identified the +5 rapier of the Hero {heavy, rN+ Dex+3}
  1976 | D:2      | Found Renulab's Jewellery Shop.
  2010 | D:2      | Reached skill level 1 in Short Blades
  2010 | D:2      | Reached XP level 4. HP: 24/24 MP: 11/11
  2225 | D:2      | Found a faded altar of an unknown god.
  2267 | D:2      | Learned a level 3 spell: Teleport Other
  2513 | D:3      | Reached skill level 1 in Translocations
  2513 | D:3      | Reached XP level 5. HP: 28/28 MP: 8/13
  2664 | D:3      | Found a hazy altar of Hepliaklqana.
  2664 | D:3      | Found a bloodstained altar of Trog.
  2883 | D:4      | Found Ponaysk's Antique Weapon Boutique.
  3009 | D:4      | Found an iron altar of Okawaru.
  3020 | D:4      | Found a glowing silver altar of Zin.
  3345 | D:4      | Found a glowing golden altar of the Shining One.
  3664 | D:4      | Reached XP level 6. HP: 33/33 MP: 8/15
  3683 | D:4      | Reached skill level 1 in Fighting
  3867 | D:2      | Reached skill level 5 in Spellcasting
  3972 | D:5      | Entered Level 5 of the Dungeon
  4017 | D:5      | Found a shadowy altar of Dithmenos.
  4039 | D:5      | Reached skill level 1 in Throwing
  4055 | D:5      | Got the Parchment of the Lumpy Olives
  4075 | D:5      | Reached ** piety under Vehumet
  4075 | D:5      | Offered knowledge of Searing Ray by Vehumet.
  4079 | D:5      | Learned a level 2 spell: Searing Ray
  4329 | D:5      | Reached XP level 7. HP: 32/38 MP: 11/16
  4390 | D:5      | Reached skill level 1 in Conjurations
  5245 | D:6      | Reached XP level 8. HP: 38/43 MP: 13/19
  5258 | D:6      | Found a blossoming altar of Fedhas.
  5357 | D:6      | Found a staircase to the Ecumenical Temple.
  5371 | Temple   | Entered the Ecumenical Temple
  5375 | D:6      | Noticed Pikel
  5387 | Temple   | Killed Pikel
  5388 | Temple   | Reached skill level 5 in Dodging
  5615 | D:6      | Noticed Blork the orc
  5627 | D:6      | Offered knowledge of Scorch by Vehumet.
  5631 | D:6      | Learned a level 2 spell: Scorch
  5751 | D:6      | Killed Blork the orc
  6151 | D:7      | Slain by a gnoll sergeant

Illustrated notes

Levels and vault maps discovered:
D:1:      sevenhm_arrival_forest_fort_small_3, layout_rooms,
          chequers_serial_rivers_room_b, minmay_misc_feat_five
D:2:      layout_loops_ring, dreamdust_ecumenical_altar_angels_and_demons,
          serial_shops, shop
D:3:      layout_basic, grunt_temple_overflow_open, minmay_misc_feat_iff
D:4:      layout_basic, nicolae_overflow_quartered_altars, serial_shops,
          nicolae_diamond_shop
D:5:      layout_loops_ring, lemuel_doored_altar, minmay_misc_feat_rows,
          dreamdust_wishing_well
D:6:      layout_loops_cross, fedhas_altar_fruit_tree,
          minmay_temple_entry_glass, uniq_pikel, uniq_blork_the_orc
D:7:      layout_basic, uniq_menkaure, uniq_joseph, uniq_crazy_yiuf_cottage
Temple:   compressed_dpeg_circular_temple

Skill      XL: |  1  2  3  4  5  6  7  8 |
---------------+-------------------------+-----
Necromancy     | 5 6 7 8 |  8.2
Dodging        | 3 4 5 |  5.4
Short Blades   | 1 2 |  2.6
Stealth        | 3 4 |  4.0
Spellcasting   | 4 5 6 8 |  8.8
Translocations | 1 2 3 |  3.7
Fighting       | 1 |  1.5
Throwing       | 1 |  1.9
Conjurations   | 1 2 |  2.8
Fire Magic     | |  0.3
Evocations     | |  0.4

Action                     |  1- 3 |  4- 6 |  7- 9 || total
---------------------------+-------+-------+-------++-------
  Melee: Unarmed           |    12 |       |       ||    12
         Short sword       |    11 |       |       ||    11
         Dagger            |    86 |    28 |    83 ||   197
         Rapier            |     5 |    32 |       ||    37
         Punch             |       |     1 |     1 ||     2
  Throw: Dart              |       |    29 |    15 ||    44
   Cast: Vampiric Draining |     7 |    22 |    20 ||    49
         Searing Ray       |       |       |     9 ||     9
         Scorch            |       |       |     4 ||     4
  Evoke: Wand              |       |     1 |     3 ||     4
    Use: Potion            |       |       |     2 ||     2
   Stab: Sleeping          |     6 |     3 |     6 ||    15
         Distracted        |       |       |     1 ||     1
 Armour: Robe              |    20 |     9 |    17 ||    46
  Dodge: Dodged            |    44 |    51 |    58 ||   153
